 Dungeon Crawl Stone Soup version 0.32-a0-699-g1ee5eff69a (webtiles) character file.

Game seed: 7596832466264500273

233 adelrune the Shooter (level 6, -1/47 HPs)
             Began as a Coglin Hunter on Mar 13, 2024.
             Slain by Pikel
             ... wielding a +2 whip of freezing
              (7 damage)
             ... on level 4 of the Dungeon.
             The game lasted 00:05:01 (2713 turns).

adelrune the Shooter (Coglin Hunter)                Turns: 2713, Time: 00:05:02

Health: -1/47      AC:  4    Str: 11    XL:     6   Next: 4%
Magic:  6/6        EV: 12    Int:  8    God:
Gold:   228        SH:  0    Dex: 20    Spells: 5/5 levels left

rFire   . . .        a - +2 sling {Teicuih}
rCold   + . .        d - +0 sling {Esteban}
rNeg    . . .        j - +0 leather armour {rC+}
rPois   .            (no helmet)
rElec   .            (no cloak)
rCorr   .            (no gloves)
SInv    .            k - +0 pair of boots
Will    .....        (amulet unavailable)
Stlth   ++           (ring unavailable)
HPRegen 0.27/turn    (ring unavailable)
MPRegen 0.10/turn    (no gizmo)

%: no passive effects
@: revved
A: off-hand wielding, slow wielding, warmup strikes, no jewellery
a: Invent Gizmo


You were on level 4 of the Dungeon.
You visited 1 branch of the dungeon, and saw 4 of its levels.

You collected 228 gold pieces.

Inventory:

Hand Weapons
 a - a +2 sling (weapon) {Teicuih}
 d - a +0 sling (offhand) {Esteban}
Armour
 c - a +0 leather armour
 j - a +0 leather armour of cold resistance (worn)
 k - a +0 pair of boots (worn)
Wands
 n - a wand of flame (11)
 r - a wand of mindburst (13)
Scrolls
 b - a scroll of butterflies
 f - a scroll of silence {unknown}
 g - a scroll of noise {unknown}
 h - 4 scrolls of enchant weapon {unknown}
 i - 2 scrolls of teleportation {unknown}
 l - 2 scrolls of fear {unknown}
 m - 2 scrolls of identify {unknown}
Potions
 e - a potion of resistance {unknown}
 o - 2 potions of curing {unknown}
 p - a potion of enlightenment {unknown}
 q - a potion of magic {unknown}
 s - a potion of invisibility {unknown}


   Skills:
 + Level 3.2 Fighting
 * Level 5.1 Ranged Weapons
 + Level 3.1 Dodging
 - Level 0.7 Stealth
 + Level 1.5 Evocations


You had 5 spell levels left.
You didn't know any spells.
Your spell library was empty.

Dungeon Overview and Level Annotations

Branches:
Dungeon (4/15)
 Temple: D:4-7

Altars:
Dithmenos
Makhleb
Ru

Annotations:
D:4 Pikel


Innate Abilities, Weirdness & Mutations

You can wield a second weapon in your off-hand.
It takes a long time for you to wield or remove held weapons.
Your first few attacks do less damage.
You cannot equip rings or amulets.


Message History

The sling bullet completely misses Pikel.
You shoot a sling bullet. The sling bullet hits Pikel.
Pikel is moderately wounded.
Pikel misses you.
Pikel hits you with a +2 whip of freezing!
You shoot a sling bullet. The sling bullet hits Pikel!
Pikel is heavily wounded.
You shoot a sling bullet.
The sling bullet hits Pikel but does no damage.
Pikel is heavily wounded.
Pikel closely misses you.
You shoot a sling bullet. The sling bullet closely misses Pikel.
You shoot a sling bullet. The sling bullet barely misses Pikel.
Pikel hits you with a +2 whip of freezing.
Pikel freezes you.
You shoot a sling bullet. The sling bullet misses Pikel.
You shoot a sling bullet. The sling bullet closely misses Pikel.
Pikel hits you with a +2 whip of freezing.
Pikel freezes you.
You shoot a sling bullet. The sling bullet closely misses Pikel.
You shoot a sling bullet. The sling bullet closely misses Pikel.
Pikel hits you with a +2 whip of freezing!
You shoot a sling bullet. The sling bullet closely misses Pikel.
You shoot a sling bullet.
The sling bullet hits Pikel but does no damage.
Pikel is heavily wounded.
Pikel says, "You'll make a fine lemure."
Pikel barely misses you.
You shoot a sling bullet. The sling bullet hits Pikel.
Pikel is heavily wounded.
You shoot a sling bullet.
The sling bullet hits Pikel but does no damage.
Pikel is heavily wounded.
Pikel hits you with a +2 whip of freezing!
* * * LOW HITPOINT WARNING * * *
Pikel freezes you.
* * * LOW HITPOINT WARNING * * *
Pikel hits you with a +2 whip of freezing!
You die...
Pikel says, "See you in Hell!"

...... ....#
....$ ...## ....
#..## #K..# #@#
#.# .. #.# ..#
#.# #.# #.# ...#
#.# ##..####
###.##.......#.
######......#
#.....##
#..........#....#
.....


You could see Pikel.

Vanquished Creatures
  4 lemures (D:4)
  2 hounds
  An orc priest (D:3)
  Ijyb (D:4)
  An iguana (D:4)
  2 adders
  3 dart slugs
  2 ribbon worms (D:2)
  5 orcs
  A bat (D:3)
  6 endoplasms
  2 giant cockroaches
  2 goblins
  6 hobgoblins
  2 jackals (D:1)
  5 quokkas
  5 ball pythons
  12 frilled lizards
  3 kobolds
  4 rats (D:2)
69 creatures vanquished.

Notes
Turn   | Place    | Note
-------+----------+-------------------------------------------
     0 | D:1      | adelrune the Coglin Hunter began the quest for the Orb.
     0 | D:1      | Reached XP level 1. HP: 16/16 MP: 1/1
   219 | D:1      | Reached XP level 2. HP: 22/22 MP: 2/2
   684 | D:1      | Reached skill level 4 in Ranged Weapons
   756 | D:2      | Reached XP level 3. HP: 28/28 MP: 3/3
  1051 | D:2      | Reached XP level 4. HP: 31/34 MP: 4/4
  1063 | D:2      | Found a burning altar of Makhleb.
  1249 | D:3      | Found a shadowy altar of Dithmenos.
  1282 | D:3      | Reached XP level 5. HP: 28/41 MP: 5/5
  1608 | D:3      | Found a sacrificial altar of Ru.
  1972 | D:4      | Noticed Ijyb
  1982 | D:4      | Killed Ijyb
  2111 | D:4      | Reached skill level 1 in Evocations
  2129 | D:4      | Reached skill level 5 in Ranged Weapons
  2151 | D:4      | Reached XP level 6. HP: 47/47 MP: 6/6
  2696 | D:4      | Noticed Pikel
  2713 | D:4      | Slain by Pikel

Illustrated notes

Levels and vault maps discovered:
D:1:      dpeg_arrival_orchard, layout_loops_ring, minmay_lizard_king
D:2:      layout_rooms, basic_altar
D:3:      layout_basic, nicolae_ru_awakened_eye,
          nicolae_dithmenos_through_a_glass_darkly
D:4:      layout_rooms, uniq_ijyb, uniq_pikel

Skill      XL: |  1  2  3  4  5 |
---------------+----------------+-----
Dodging        | 2 3 |  3.1
Ranged Weapons | 4 5 |  5.1
Fighting       | 3 |  3.2
Evocations     | 1 |  1.5
Stealth        | |  0.7

Action                     |  1- 3 |  4- 6 || total
---------------------------+-------+-------++-------
   Fire: Sling             |   154 |   268 ||   422
  Evoke: Wand              |       |     1 ||     1
 Armour: Leather armour    |     7 |    39 ||    46
  Dodge: Dodged            |    11 |    33 ||    44

Table legend: (Time is in decaauts)
 A = Elapsed time spent in this place.
 B = Non-inter-level travel time spent in this place.
 C = Inter-level travel time spent in this place.
 D = Time resting spent in this place.
 E = Time spent auto-exploring this place.
 F = Levels seen in this place.
 G = Mean time per level.
                   A        B        C        D        E       F      G
               +--------+--------+--------+--------+--------+-----+--------+
         Total |   2758 |   2687 |     71 |    539 |   1612 |   4 |  689.5 |
       Dungeon |   2758 |   2687 |     71 |    539 |   1612 |   4 |  689.5 |
               +--------+--------+--------+--------+--------+-----+--------+

Top non-repeatable levels by time:
     D:4: 808 daAuts
     D:1: 745 daAuts
     D:3: 726 daAuts
     D:2: 478 daAuts
